 Dungeon Crawl Stone Soup version 0.21-a0-78-g82a99e0 (webtiles) character file.

142 4thArraOfDagon the Sneak (level 5, 0/21 HPs)
             Began as a Felid Summoner on June 21, 2017.
             Slain by a centaur (6 damage)
             ... on level 5 of the Dungeon.
             The game lasted 00:04:23 (701 turns).

4thArraOfDagon the Sneak (Felid Summoner)            Turns: 701, Time: 00:04:24

Health: 0/21       AC:  1    Str:  4    XL:     5   Next: 4%
Magic:  9/9        EV: 19    Int: 18    God:
Gold:   51         SH:  0    Dex: 16    Spells: 4/8 levels left
                                        Lives:  0   Deaths: 1

rFire    . . .     SeeInvis +     - Unarmed
rCold    . . .     Gourm    .   (shield unavailable)
rNeg     . . .     Faith    .   (armour unavailable)
rPois    .         Spirit   .   (helmet unavailable)
rElec    .         Reflect  .   (cloak unavailable)
rCorr    .         Harm     .   (gloves unavailable)
MR       .....                  (boots unavailable)
Stlth    +++.......             (no amulet)
HPRegen  0.07/turn              (no ring)
MPRegen  0.11/turn              (no ring)

@: quick
A: no armour, no weapons or thrown items, stealth, claws 1, fangs 3, see
invisible, carnivore 3, speed 1, shaggy fur 1, slow metabolism 1, sharp paws
a: no special abilities


You were on level 5 of the Dungeon.
You were very full.

You visited 1 branch of the dungeon, and saw 6 of its levels.

You collected 51 gold pieces.

Inventory:

Wands
 g - a wand of iceblast (2/15)
Scrolls
 f - a scroll of enchant weapon {unknown}
Potions
 c - a potion of brilliance {unknown}
 e - a potion of curing {unknown}
Books
 a - a book of Callings

   Spells                             Type                      Level
   a - Summon Small Mammal            Summoning                    1
   b - Call Imp                       Summoning                    2
   c - Call Canine Familiar           Summoning                    3
   d - Summon Guardian Golem          Hexes/Summoning              3
   e - Summon Lightning Spire         Summoning/Air                4
   f - Summon Ice Beast               Ice/Summoning                4
Comestibles
 b - 2 meat rations
 d - a royal jelly


   Skills:
 + Level 3.4 Dodging
 + Level 5.0 Stealth
 * Level 4.0 Unarmed Combat
 - Level 2.0 Spellcasting
 - Level 4.0 Summonings


You had 4 spell levels left.
You knew the following spells:

 Your Spells              Type           Power        Failure   Level  Hunger
a - Summon Small Mammal   Summ           ###.         3%          1    #......
b - Call Canine Familiar  Summ           ###.....     11%         3    ###....


Dungeon Overview and Level Annotations

Branches:
Dungeon (6/15)
 Temple: D:4-7

Altars:

Annotations:
D:6 Edmund


Innate Abilities, Weirdness & Mutations

You cannot wear armour.
You are incapable of wielding weapons or throwing items.
Your paws allow you to move quietly. (Stealth)
You have sharp claws.
You have razor-sharp teeth.
You have supernaturally acute eyesight. (SInv)
You are carnivorous and can eat meat at any time.
You cover ground quickly.
You are covered in fur. (AC +1)
You have a slow metabolism.
Your sharp claws are effective at attacking unaware monsters.


Message History

The centaur is moderately wounded.
The centaur hits you. The centaur misses you.
Unknown command.
You scratch the centaur.
The centaur is heavily wounded.
The centaur hits you!
* * * LOW HITPOINT WARNING * * *
Unknown command.
Unknown command.
Unknown command.
You completely miss the centaur.
The centaur is heavily wounded.
The centaur misses you.
Unknown command.
Unknown command.
Unknown command.
You scratch the centaur but do no damage.
The centaur is heavily wounded.
The centaur completely misses you. The centaur hits you.
You die...

.# .#.. ## .#.# # #. ... #.
..# ##. .. # #..####.####.# .
## #.....!......# .##### .##
#.#.#######.# .....# ..##
#.......##.@# ##.##.###
...####..)##.##c#####........
...'..................c......
...####...##.########..(####
..## ##.###.# #..## .##
#....... #.## ## #.##.#..#
#.. # #. #.#..# ... #. # ...#
.#.#.


You could see a centaur.

Vanquished Creatures
  An ogre (D:5)
  An iguana (D:5)
  2 orc wizards (D:5)
  An adder (D:5)
  A howler monkey skeleton (D:4)
  An adder skeleton (D:5)
  3 orcs (D:5)
  2 bats (D:1)
  A goblin (D:1)
  A hobgoblin (D:1)
  3 kobolds
  A quokka (D:3)
  A frilled lizard (D:4)
19 creatures vanquished.

Vanquished Creatures (collateral kills)
  A hound skeleton (D:4)
  2 giant cockroaches (D:1)
3 creatures vanquished.

Grand Total: 22 creatures vanquished

Notes
Turn   | Place    | Note
-------+----------+-------------------------------------------
     0 | D:1      | 4thArraOfDagon the Felid Summoner began the quest for the Orb.
     0 | D:1      | Reached XP level 1. HP: 7/7 MP: 4/4
    45 | D:1      | Reached skill level 3 in Stealth
    89 | D:1      | Reached XP level 2. HP: 7/11 MP: 4/6
   101 | D:1      | Reached skill level 1 in Unarmed Combat
   396 | D:5      | Entered Level 5 of the Dungeon
   396 | D:5      | Noticed an ogre
   414 | D:5      | Killed an ogre
   414 | D:5      | Reached skill level 4 in Stealth
   414 | D:5      | Reached XP level 3. HP: 14/14 MP: 7/7
   414 | D:5      | Reached XP level 4. HP: 18/18 MP: 8/8
   447 | D:6      | Noticed Edmund
   460 | D:5      | Learned a level 3 spell: Call Canine Familiar
   585 | D:5      | Noticed a centaur
   599 | D:5      | Slain by a centaur
   600 | D:5      | Reached XP level 3. HP: -1/14 MP: 7/7
   608 | D:5      | Reached XP level 4. HP: 18/18 MP: 8/8
   615 | D:5      | Reached skill level 5 in Stealth
   620 | D:5      | Reached XP level 5. HP: 17/21 MP: 9/9
   680 | D:5      | Noticed a centaur
   701 | D:5      | Slain by a centaur

Vault maps used:
D:1:      dpeg_arrival_long_road
D:2:      first_bread, hangedman_ru_absence
D:3:      lemuel_doored_altar, uniq_terence
D:4:      marbit_many_paths
D:5:      old_standard_altar, trog_book
D:6:      nemelex_xobeh_ov_fountains_minmay, overflow_temple_1_default,
          uniq_eustachio, uniq_edmund

Skill      XL: |  1  2  3  4 |
---------------+-------------+-----
Stealth        | 3 4 5 |  5.0
Unarmed Combat | 3 4 |  4.0
Dodging        | 3 |  3.4
Spellcasting   | |  2.0
Summonings     | |  4.0

Action                   |  1- 3 |  4- 6 || total
-------------------------+-------+-------++-------
Melee: Unarmed           |    27 |    18 ||    45
       Bite              |     2 |     3 ||     5
 Cast: Summon Small Mamm |    13 |       ||    13
Evoke: Wand              |     1 |     3 ||     4
  Use: Scroll            |     4 |       ||     4
 Stab: Sleeping          |     6 |     1 ||     7
  Eat: Chunk             |     2 |     4 ||     6
Armor: Skin              |     1 |       ||     1
Dodge: Dodged            |    20 |    15 ||    35
